 Dungeon Crawl Stone Soup version 0.32-a0-834-geaf45d8e21 (webtiles) character file.

Game seed: 9988964763706542027

195369 MackTheKnife the Severer (level 17, -1/170 HPs)
             Began as a Mountain Dwarf Fighter on Mar 24, 2024.
             Was an Initiate of Gozag.
             Splashed by a goliath frog's acid (9 damage)
             ... on level 2 of the Swamp on Mar 25, 2024.
             The game lasted 00:42:57 (36893 turns).

MackTheKnife the Severer (Mountain Dwarf Fighter)  Turns: 36893, Time: 00:42:58

Health: -1/170     AC: 25    Str: 40    XL:     17   Next: 71%
Magic:  17/17      EV: 14    Int:  5    God:    Gozag
Gold:   1838       SH: 18    Dex: 16    Spells: 16/16 levels left

rFire   + . .        a - +7 broad axe (flame) {axe}
rCold   + . .        q - +0 kite shield {AC+3}
rNeg    + + +        N - +9 ring mail of the Slightly Bent {Fly Str+4 Int-5 Dex+2}
rPois   +            X - +0 helmet
rElec   .            K - +2 cloak of Bad Feelings {rPois rF+}
rCorr   .            w - +2 pair of gloves
SInv    .            Y - +2 pair of boots "Zistraratz" {Dex+3}
Will    +....        O - amulet "Nagajet" {Reflect ^Drain rC+ rN+++ SH+5 Stlth+}
Stlth   ++           b - +6 ring of strength
HPRegen 0.48/turn    j - +6 ring of strength
MPRegen 0.15/turn

%: reflection
@: about to teleport, corroded, gold aura, flying
A: runic magic, artefact enchanting
}: 1/15 runes: serpentine
a: Renounce Religion, Potion Petition, Call Merchant, Bribe Branch


You were on level 2 of the Swamp.
You worshipped Gozag.
Gozag was most pleased with you.
You visited 7 branches of the dungeon, and saw 30 of its levels.

You collected 10799 gold pieces.
You spent 3101 gold pieces at shops.
You paid 5860 gold pieces to Gozag.


Innate Abilities, Weirdness & Mutations

Your spellcasting is much less encumbered by armour.
You can use scrolls of enchantment on lesser artefacts.


   Skills:
 - Level 20.0 Fighting
 - Level 20.0 Axes
 - Level 16.1 Armour
 - Level 7.1 Dodging
 - Level 15.0 Shields
 - Level 10.0 Evocations
 + Level 3.2 Shapeshifting


You had 16 spell levels left.
You didn't know any spells.
Your spell library contained the following spells:

 Spells                   Type           Power      Damage    Failure   Level
 Freeze                   Ice            0%         1d3       56%         1
 Kiss of Death            Conj/Necr      0%         2d5       56%         1
 Shock                    Conj/Air       0%         1d3       56%         1
 Call Imp                 Summ           0%         N/A       71%         2
 Cigotuvi's Dreadful Rot  Necr/Alch/Air  0%         N/A       71%         2
 Lesser Beckoning         Tloc           0%         N/A       71%         2
 Sublimation of Blood     Necr           0%         N/A       71%         2
 Confusing Touch          Hex            0%         N/A       91%         3
 Frozen Ramparts          Ice            0%         1d1       91%         3
 Gell's Gravitas          Tloc           0%         N/A       91%         3
 Hailstorm                Conj/Ice       0%         3d5       91%         3
 Inner Flame              Hex/Fire       0%         N/A       91%         3
 Summon Ice Beast         Ice/Summ       0%         N/A       91%         3
 Swiftness                Air            0%         N/A       91%         3
 Teleport Other           Tloc           0%         N/A       91%         3
 Airstrike                Air            0%         2d(0-16)  100%        4
 Dispel Undead            Necr           0%         3d6       100%        4
 Flame Wave               Conj/Fire      0%         2d4       100%        4
 Ignite Poison            Fire/Alch      0%         N/A       100%        4
 Leda's Liquefaction      Alch/Erth      0%         N/A       100%        4
 Martyr's Knell           Necr/Summ      0%         N/A       100%        4
 Sticky Flame             Fire/Alch      0%         2d4       100%        4
 Alistair's Intoxication  Alch           0%         N/A       100%        5
 Borgnjor's Vile Clutch   Necr/Erth      0%         N/A       100%        5
 Lee's Rapid Deconstruct  Erth           0%         3d4*      100%        5
 Eringya's Noxious Bog    Alch           0%         4d6       100%        6
 Permafrost Eruption      Ice/Erth       0%         2x4d2     100%        6
 Sculpt Simulacrum        Ice/Alch       0%         N/A       100%        6
 Haunt                    Necr/Summ      0%         N/A       100%        7
 Summon Hydra             Summ           0%         N/A       100%        7
 Borgnjor's Revivificati  Necr           0%         N/A       100%        8
 Ignition                 Fire           0%         3d3       100%        8
 Death's Door             Necr           0%         N/A       100%        9

Inventory:

Hand Weapons
 a - a +7 broad axe of flaming (weapon) {axe}
   (You took it off a death knight on level 13 of the Dungeon)
Missiles
 F - 42 poisoned darts {throwing}
 J - 7 curare-tipped darts (quivered) {=fthrowing}
Armour
 q - a +0 kite shield of protection (worn)
   (You took it off a naga warrior on level 4 of the Snake Pit)
 w - a +2 pair of gloves (worn)
   (You found it on level 4 of the Dungeon)
 B - a +1 kite shield of fire resistance
   (You took it off a naga warrior on level 4 of the Snake Pit)
 K - the +2 cloak of Bad Feelings (worn) {rPois rF+}
   (You bought it in a shop on level 1 of the Lair of Beasts)

   rF+:       It protects you from fire.
   rPois:     It protects you from poison.
 M - a scarf of resistance
   (You found it on level 1 of the Lair of Beasts)
 N - the +9 ring mail of the Slightly Bent (worn) {Fly Str+4 Int-5 Dex+2}
   (You bought it in a shop on level 1 of the Lair of Beasts)

   Str+4:     It affects your strength (+4).
   Int-5:     It affects your intelligence (-5).
   Dex+2:     It affects your dexterity (+2).
   Fly:       It grants you flight.
 R - a +4 ring mail of willpower
   (You found it on level 5 of the Lair of Beasts)
 X - a +0 helmet (worn)
   (You bought it in a shop on level 2 of the Orcish Mines)
 Y - the +2 pair of boots "Zistraratz" (worn) {Dex+3}
   (You bought it in a shop on level 2 of the Orcish Mines)

   Dex+3:     It affects your dexterity (+3).
Jewellery
 b - a +6 ring of strength (left hand)
   (You took it off Erica on level 1 of the Lair of Beasts)
 c - a ring of poison resistance
   (You found it on level 3 of the Snake Pit)
 j - a +6 ring of strength (right hand)
   (You found it on level 2 of the Lair of Beasts)
 p - a ring of fire
   (You found it on level 5 of the Lair of Beasts)
 G - a ring of protection from cold
   (You found it on level 1 of the Swamp)
 O - the amulet "Nagajet" (around neck) {Reflect ^Drain rC+ rN+++ SH+5 Stlth+}
   (You bought it in a shop on level 4 of the Snake Pit)

   [amulet of reflection]

   Reflect:   It reflects blocked missile attacks.
   rC+:       It protects you from cold.
   rN+++:     It renders you almost immune to negative energy.
   ^Drain:    It drains your maximum health when unequipped.
   SH+5:      It affects your SH (+5).
   Stlth+:    It makes you more stealthy.
 T - a ring of protection from cold
   (You found it on level 14 of the Dungeon)
Wands
 h - a wand of quicksilver (8)
   (You found it on level 11 of the Dungeon)
 i - a wand of polymorph (12)
   (You found it on level 2 of the Lair of Beasts)
 t - a wand of charming (12)
   (You took it off Maggie on level 6 of the Dungeon)
 y - a wand of flame (74)
   (You found it on level 7 of the Dungeon)
 P - a wand of roots (9)
   (You found it on level 5 of the Lair of Beasts)
 S - a wand of mindburst (18)
   (You found it on level 5 of the Lair of Beasts)
Scrolls
 e - a scroll of summoning
 g - 5 scrolls of fear
 m - 4 scrolls of immolation {!r!r}
 r - 5 scrolls of revelation
 s - a scroll of poison
 x - 3 scrolls of fog
 C - 7 scrolls of teleportation {@r4}
 L - 4 scrolls of blinking {!r}
 U - 2 scrolls of vulnerability {!r!r}
Potions
 f - 4 potions of cancellation
 l - 3 potions of ambrosia
 o - 19 potions of curing {@q1}
 u - a potion of invisibility
 v - 3 potions of enlightenment
 z - 4 potions of mutation {!q}
 A - 5 potions of heal wounds {@q2}
 D - 4 potions of might
 E - 2 potions of haste {@q3}
 H - 2 potions of berserk rage {!q}
 I - 3 potions of magic
Miscellaneous
 d - a box of beasts (inert)
   (You found it on level 2 of the Lair of Beasts)
 k - a lightning rod (4/4)
   (You found it on level 5 of the Lair of Beasts)
 n - a phantom mirror
   (You found it on level 1 of the Snake Pit)

Dungeon Overview and Level Annotations

Branches:
Dungeon (15/15) Zot: 25591  Temple (1/1) D:5 Zot: 5857    Lair (5/5) D:8 Zot: 22718
  Swamp (2/4) Lair:2 Zot: 10971   Snake (4/4) Lair:3 Zot: 16380   Slime (1/5) Lair:4 Zot: 5998
    Orc (2/2) D:9 Zot: 9353     Elf (0/3) Orc:2        Vaults (0/5) D:14
 Depths (0/4) D:15

Altars:
Ashenzari
Cheibriados
Dithmenos
Elyvilon
Fedhas
Gozag
Hepliaklqana
Kikubaaqudgha
Makhleb
Nemelex Xobeh
Okawaru
Qazlal
Ru
Sif Muna
Trog
Uskayaw
Vehumet
Wu Jian
Xom
Yredelemnul
Zin
The Shining One
Beogh
Jiyva

Shops:
D:1 :   D:5 !   D:6 [   Orc:2 *(*:?*=[(   Lair:1 [   Snake:1 [[=   Snake:2 =
Snake:4 =::

Portals:
Pandemonium: Orc:2

Annotations:
D:13 3 runed translucent doors, Nuthri Fatu's ghost, journeyman SpBr
Orc:1 2 transporters, Lanoc's ghost, journeyman TrSh

♣.§...♣ ♣..♣ ♣~§~..♣
♣..♣ ♣..♣♣ ♣§~...♣
♣~.♣♣♣§..♣ ♣<.♣..♣
♣~~~♣♣?~.♣
..♣♣..♣♣♣♣..♣♣♣.~~♣
..♣♣♣..♣♣...♣♣~..♣
..♣ ♣~.$$$..D§~~~♣
.♣♣ ♣~~~$$.~~~.~.♣ .
♣≈≈≈~≈~~~≈≈F.@♣♣ .
♣≈≈≈≈~~≈~≈≈≈~..♣ .
♣≈≈~#...#§≈≈wF~♣ ♣
♣≈≈#.#.#.#≈≈$...~.♣
♣≈≈~!##.##.~≈≈≈~.~~~♣
♣≈≈≈≈.
..$#.~≈≈....... ♣♣≈≈~
##.##.~≈≈~......
.#≈≈≈≈.~~.~.
.#~≈≈≈≈[.~~~.


You could see a swamp dragon, a tyrant leech (strong) and 2 goliath frogs.


Message History

You take 7 damage, and now have 139/170 hp.
Branches wave dangerously above you. 😕 HP[+1] Branches wave dangerously above you.
The goliath frog is no longer distracted by gold.
Unknown command.
The tyrant leech is no longer distracted by gold. 😕 HP[+1]
The spriggan druid is no longer distracted by gold.
A goliath frog comes into view.
The goliath frog is distracted by your dazzling golden aura.
The tyrant leech is distracted by your dazzling golden aura.
The goliath frog is distracted by your dazzling golden aura.
The goliath frog is no longer distracted by gold.
The goliath frog is distracted by your dazzling golden aura.
The spriggan druid hits you but does no damage.
You block the +0 spectral quarterstaff's attack.
A +0 spectral quarterstaff comes into view. 😕 HP[+1]
You hit the spriggan druid. You burn the spriggan druid.
You hit the +0 spectral quarterstaff.
The spriggan druid shares its spectral weapon's damage!
The spriggan druid is distracted by your dazzling golden aura.
The +0 spectral quarterstaff disappears.
The spriggan druid shouts!
You slice the spriggan druid!! You burn the spriggan druid.
The spriggan druid is no longer distracted by gold.
The spriggan druid hits you but does no damage.
The +0 spectral quarterstaff completely misses you.
A +0 spectral quarterstaff comes into view.
You closely miss the spriggan druid.
You hit the +0 spectral quarterstaff but do no damage. 😕 HP[+1]
You closely miss the spriggan druid. You slash the +0 spectral quarterstaff!
The spriggan druid shares its spectral weapon's damage!
You burn the +0 spectral quarterstaff.
The spriggan druid shares its spectral weapon's damage!
The spriggan druid calls out to the beasts of the wild!
You closely miss the spriggan druid.
You slice the +0 spectral quarterstaff!!
The spriggan druid shares its spectral weapon's damage!
The +0 spectral quarterstaff disappears.
The goliath frog is no longer distracted by gold.
The spriggan druid casts a spell at you.
The stone arrow hits you!! 😮 HP[-35]
You take 35 damage, and now have 108/170 hp.
MASSIVE DAMAGE!! (PAUSE)
You closely miss the spriggan druid.
The tyrant leech is no longer distracted by gold.
The spriggan druid gestures at you while chanting.
The stone arrow hits you but does no damage. 😮 HP[+1]
You slash the spriggan druid! You burn the spriggan druid.
With its final breath, the spriggan druid offers up its power to the beasts of the wild!
The goliath frog seems to grow more fierce.
The tyrant leech seems to grow more fierce.
The goliath frog seems to grow more fierce.
You kill the spriggan druid!
The forest abruptly stops moving.
You hit the tyrant leech but do no damage.
The goliath frog is no longer distracted by gold.
The tyrant leech is distracted by your dazzling golden aura.
A swamp dragon comes into view.
You hit the tyrant leech but do no damage.
The tyrant leech is no longer distracted by gold.
You block the tyrant leech's attack.
You hit the tyrant leech. You burn the tyrant leech.
The goliath frog hits you but does no damage.
The goliath frog hits you from afar! The acid corrodes you!
You are splashed with acid!
The tyrant leech bites you!!
* * * LOW HITPOINT WARNING * * *
😨 HP[-33]
You take 33 damage, and now have 76/170 hp.
As you read the scroll of teleportation {@r4}, it crumbles to dust.
You feel strangely unstable. The goliath frog hits you from afar.
* * * LOW HITPOINT WARNING * * *
You are splashed with acid!
* * * LOW HITPOINT WARNING * * *
You block the goliath frog's attack. 😨 HP[-14]
You take 14 damage, and now have 62/170 hp.
The tyrant leech attacks as it pursues you!
The tyrant leech barely misses you. You block the goliath frog's attack.
The tyrant leech bites you but does no damage. 😨 HP[+1] Unknown command.
Unknown command.
The goliath frog attacks as it pursues you!
The goliath frog hits you from afar!!
* * * LOW HITPOINT WARNING * * *
The acid corrodes you!
You are splashed with acid.
* * * LOW HITPOINT WARNING * * *
The goliath frog attacks as it pursues you!
The goliath frog hits you from afar!!
* * * LOW HITPOINT WARNING * * *
You are splashed with acid!
You die...
Your body crumbles into a pile of gold.

Skill      XL: |  1  2  3  4  5  6  7  8  9 10 11 12 13 14 15 16 17 |
---------------+----------------------------------------------------+-----
Axes           | 3 4 5 6 7 9 10 15 18 20 | 20.0
Fighting       | 5 8 10 12 13 16 17 20 | 20.0
Armour         | 6 8 10 12 14 16 | 16.1
Dodging        | 1 2 6 7 |  7.1
Shields        | 4 5 11 15 | 15.0
Evocations     | 5 10 | 10.0
Shapeshifting  | 3 |  3.2

Action                     |  1- 3 |  4- 6 |  7- 9 | 10-12 | 13-15 | 16-18 || total
---------------------------+-------+-------+-------+-------+-------+-------++-------
  Melee: War axe           |   118 |    76 |       |       |       |       ||   194
         Hand axe          |       |     6 |   469 |   228 |       |       ||   703
         Battleaxe         |       |       |       |   363 |   826 |       ||  1189
         Scimitar          |       |       |       |    13 |       |       ||    13
         Broad axe         |       |       |       |       |   200 |   604 ||   804
  Throw: Dart              |       |       |     4 |     4 |       |       ||     8
 Invoke: Call Merchant     |       |       |       |     1 |     4 |     1 ||     6
         Potion Petition   |       |       |       |       |       |     1 ||     1
  Evoke: Wand              |       |    24 |     9 |    13 |     1 |       ||    47
         Box of beasts     |       |       |       |     1 |     2 |     2 ||     5
         Lightning rod     |       |       |       |       |     8 |       ||     8
         Phantom mirror    |       |       |       |       |       |     2 ||     2
    Use: Scroll            |     3 |       |     4 |    11 |    18 |     1 ||    37
         Potion            |       |     1 |     1 |     1 |     3 |     1 ||     7
   Stab: Distracted        |       |       |       |     4 |     6 |     7 ||    17
         Sleeping          |       |       |       |       |       |     2 ||     2
 Armour: Scale mail        |    34 |       |   317 |   199 |       |       ||   550
         Leather armour    |    28 |    49 |     3 |       |       |       ||    80
         Ring mail         |       |       |       |   187 |   617 |   347 ||  1151
  Dodge: Dodged            |    56 |    44 |   177 |   183 |   398 |   153 ||  1011
  Block: Buckler           |    26 |    24 |    66 |    49 |       |       ||   165
         Other             |       |       |       |    63 |   113 |       ||   176
         Reflection        |       |       |       |     8 |    28 |    80 ||   116
         Kite shield       |       |       |       |       |   159 |   499 ||   658

Levels and vault maps discovered:
D:1:      sevenhm_arrival_forest_fort_small_3, layout_basic, serial_shops,
          nicolae_shop_mannequins
D:2:      layout_basic
D:3:      wad_lake_hut, layout_basic
D:4:      layout_loops_ring, minivault_1, corexii_leaking_fountain, uniq_edmund
D:5:      black_bear_nest_2, layout_rooms, minmay_temple_entry_waves,
          serial_shops, shop, serial_co_window_serial, co_window_paths_a,
          co_window_corner_a, co_window_paths_b, co_window_paths_b,
          co_window_corner_a, co_window_broadway_a, co_window_cross_2,
          co_window_broadway_c, co_window_broadway_c, co_window_broadway_b,
          co_window_of_opportunity_b, glass_columns_b, glass_columns_b
D:6:      minmay_goblin_kobold_castle, layout_rooms,
          nicolae_overflow_two_pavilions, serial_shops, shop, uniq_eustachio,
          uniq_maggie
D:7:      layout_rooms, nicolae_vehumet_radiance
D:8:      layout_loops_cross, grunt_lair_entry_orc_guard_hut, serial_ice,
          serial_ice_g, serial_ice_n, serial_ice_e, serial_ice_i,
          lightli_church_of_beogh
D:9:      layout_loops_ring, okawaru_humans, kennysheep_little_box, erik_orc_3,
          uniq_jeremiah
D:10:     layout_grid_maze, water_boxes_lemuel
D:11:     layout_rooms, minmay_misc_feat_room,
          nicolae_concentric_dashed_squares_mild
D:12:     layout_cross, serial_demonic, serial_demonic_a, serial_demonic_g,
          serial_demonic_e, serial_demonic_c, st_stairs_10
D:13:     layout_rooms, gammafunk_ghost_ooze, serial_bayou, serial_bayou_pond_a,
          serial_bayou_pond_d, serial_bayou_pond_b, serial_bayou_pond_b
D:14:     layout_rooms, erik_vaults_2, serial_library_hellmonk_junction,
          nicolae_letterblocks [nicolae_letter_subblock,
          nicolae_letter_subblock, nicolae_letter_subblock,
          nicolae_letter_subblock, nicolae_letter_subblock,
          nicolae_letter_subblock, nicolae_letter_subblock,
          nicolae_letter_subblock, nicolae_letter_subblock,
          nicolae_letter_subblock, nicolae_letter_subblock,
          nicolae_letter_subblock, nicolae_letter_subblock,
          nicolae_letter_subblock, nicolae_letter_subblock,
          nicolae_letter_subblock, nicolae_letter_subblock,
          nicolae_letter_subblock, nicolae_letter_subblock,
          nicolae_letter_subblock, nicolae_letter_subblock,
          nicolae_letter_subblock, nicolae_letter_subblock,
          nicolae_letter_subblock, nicolae_letter_subblock]
D:15:     grunt_enter_depths_magical_seal, layout_grid_maze, nrook_campfire
Temple:   minmay_temple_bridge_d
Lair:1:   layout_cave_pods, grunt_forest_small_clearings, uniq_sonja, uniq_erica
Lair:2:   layout_hall_layers, nicolae_swamp_entry_splash_gauntlet, worms_lemuel,
          infiniplex_staircase_pool_2
Lair:3:   layout_cave_pods, guppyfry_snake_entry_garden
Lair:4:   layout_roguey, nicolae_slime_entry_field_trip,
          kennysheep_abandoned_house
Lair:5:   minmay_lair_end_frog_pond, layout_long_grid
Swamp:1:  layout_basic_swamp, evilmike_swamp_ruin_house_2, uniq_frances
Swamp:2:  layout_falls_marsh, nicolae_swamp_little_tower, uniq_roxanne,
          uniq_aizul
Snake:1:  layout_onion_interference, serial_shops, shop,
          nicolae_shop_advertising_works [nicolae_subvault_shop_adworks],
          ebering_ghost_reflecting_pool
Snake:2:  cheibrodos_snake_ritualist_ritual, layout_gridlike,
          nicolae_snake_gridmaze_swirls
Snake:3:  layout_grid_maze, uniq_louise
Snake:4:  grunt_snake_rune_serpentine_throne, layout_basic, minmay_shop_grove
Slime:1:  layout_caves
Orc:1:    layout_caves, gammafunk_ghost_abyssal_escape
Orc:2:    pf_orc_diabolical, layout_diamond_mine, serial_shops,
          nicolae_lakefront_shop, shop, regret_index_minedec_shroomtown_chain

Notes
Turn   | Place    | Note
-------+----------+-------------------------------------------
     0 | D:1      | MackTheKnife the Mountain Dwarf Fighter began the quest for
                  | the Orb.
     0 | D:1      | Reached XP level 1. HP: 19/19 MP: 1/1
     0 | D:1      | magus.rc [v1.9.6]
    46 | D:1      | Reached skill level 3 in Axes
    74 | D:1      | Reached XP level 2. HP: 26/26 MP: 2/2
   376 | D:1      | Reached skill level 4 in Axes
   472 | D:1      | Found Ufor's Book Boutique.
   472 | D:1      | Noticed a walking earthen tome
   472 | D:1      | Noticed a walking crystal tome
   873 | D:1      | Reached XP level 3. HP: 31/31 MP: 3/3
  1830 | D:3      | Reached skill level 5 in Axes
  2099 | D:3      | You pick up a book of the Tundra and begin reading...
  2099 | D:3      | You add the spells Hailstorm, Summon Ice Beast, Permafrost
                  | Eruption and Sculpt Simulacrum to your library.
  2655 | D:4      | Noticed a scorpion
  2686 | D:4      | Reached XP level 4. HP: 38/38 MP: 4/4
  2765 | D:4      | Noticed an ogre
  2775 | D:4      | Killed an ogre
  2776 | D:4      | Reached skill level 6 in Axes
  2776 | D:4      | Reached XP level 5. HP: 30/45 MP: 5/5
  2959 | D:4      | Reached skill level 7 in Axes
  3040 | D:4      | Reached XP level 6. HP: 48/51 MP: 6/6
  3213 | D:4      | Reached skill level 8 in Axes
  3469 | D:4      | You add the spells Haunt, Borgnjor's Revivification and
                  | Death's Door to your library.
  3718 | D:4      | Noticed Edmund
  3727 | D:4      | Killed Edmund
  3728 | D:4      | Reached skill level 9 in Axes
  3875 | D:5      | Entered Level 5 of the Dungeon
  4008 | D:5      | Found a staircase to the Ecumenical Temple.
  4017 | D:5      | Reached XP level 7. HP: 52/57 MP: 7/7
  4029 | Temple   | Entered the Ecumenical Temple
  4100 | Temple   | Became a worshipper of Gozag Ym Sagoz the Greedy
  4308 | D:5      | Found Buobodeunt's Distillery.
  4348 | D:5      | Bought 2 potions of heal wounds for 110 gold pieces
  4567 | D:5      | Reached skill level 4 in Fighting
  5175 | D:5      | Reached skill level 5 in Fighting
  5175 | D:5      | Reached skill level 10 in Axes
  5415 | D:5      | You pick up a book of Blood and begin reading...
  5415 | D:5      | You add the spells Call Imp, Sublimation of Blood and
                  | Summon Hydra to your library.
  5474 | D:6      | Found Jyb Kean's Armour Shoppe.
  5551 | D:6      | Reached XP level 8. HP: 69/70 MP: 8/8
  5629 | D:6      | Reached skill level 6 in Fighting
  5703 | D:6      | Noticed Maggie
  5718 | D:6      | Killed Maggie
  5719 | D:6      | Reached skill level 7 in Fighting
  5784 | D:6      | Reached skill level 8 in Fighting
  5937 | D:6      | Reached skill level 4 in Armour
  5963 | D:6      | Found a shimmering blue altar of Sif Muna.
  5963 | D:6      | Found an ancient bone altar of Kikubaaqudgha.
  6006 | D:6      | Noticed Eustachio
  6030 | D:6      | Killed Eustachio
  6031 | D:6      | Reached skill level 5 in Armour
  6288 | D:6      | Reached skill level 6 in Armour
  6305 | D:6      | Reached skill level 1 in Dodging
  6656 | D:6      | Reached XP level 9. HP: 80/81 MP: 9/9
  6839 | D:7      | Reached skill level 2 in Dodging
  6955 | D:1      | Bought a manual of Axes for 800 gold pieces
  7470 | D:7      | Reached skill level 11 in Axes
  7544 | D:7      | Reached skill level 12 in Axes
  7581 | D:7      | Found a radiant altar of Vehumet.
  7980 | D:8      | Reached skill level 13 in Axes
  7985 | D:8      | Reached skill level 14 in Axes
  8324 | D:8      | Reached skill level 15 in Axes
  8474 | D:8      | Noticed a komodo dragon
  8486 | D:8      | Noticed a komodo dragon
  8805 | D:7      | Reached skill level 4 in Shields
  8903 | D:8      | Killed a komodo dragon
  8904 | D:8      | Reached XP level 10. HP: 71/88 MP: 10/10
  8963 | D:8      | Reached skill level 16 in Axes
  9215 | D:8      | Reached skill level 5 in Shields
  9243 | D:8      | Found a staircase to the Lair.
  9423 | D:8      | Found a runed translucent door.
  9675 | D:8      | Found a roughly hewn altar of Beogh.
  9722 | D:8      | You pick up a book of Air and begin reading...
  9722 | D:8      | You add the spells Shock, Swiftness and Airstrike to your
                  | library.
  9960 | D:9      | Noticed a cyclops
  9963 | D:9      | Reached skill level 17 in Axes
  9989 | D:9      | Killed a cyclops
 10008 | D:9      | Reached skill level 18 in Axes
 10097 | D:9      | Found a staircase to the Orcish Mines.
 10173 | D:9      | Found a broken altar of Ashenzari.
 10249 | D:9      | Noticed Jeremiah
 10464 | D:10     | Entered Level 10 of the Dungeon
 10875 | D:10     | Reached skill level 9 in Fighting
 11239 | D:10     | You pick up a book of Frost and begin reading...
 11239 | D:10     | You add the spells Freeze and Frozen Ramparts to your
                  | library.
 11392 | D:10     | Reached skill level 10 in Fighting
 11742 | D:9      | Reached XP level 11. HP: 52/101 MP: 11/11
 11944 | D:9      | Found an iron altar of Okawaru.
 12011 | Lair:1   | Entered Level 1 of the Lair of Beasts
 12011 | Lair:1   | Noticed Sonja
 12021 | Lair:1   | Killed Sonja
 12022 | Lair:1   | Reached skill level 11 in Fighting
 12349 | Lair:1   | Noticed Erica
 12360 | Lair:1   | Killed Erica
 12361 | Lair:1   | Reached skill level 12 in Fighting
 12474 | Lair:1   | Bought a shimmering cloak for 294 gold pieces
 12474 | Lair:1   | Identified the +1 cloak of Bad Feelings {rPois rF+} (You
                  | bought it in a shop on level 1 of the Lair of Beasts)
 12867 | Lair:1   | Reached skill level 19 in Axes
 13138 | Lair:1   | Bought a scorched ring mail for 279 gold pieces
 13138 | Lair:1   | Identified the +9 ring mail of the Slightly Bent {Fly Str+4
                  | Int-5 Dex+2} (You bought it in a shop on level 1 of the
                  | Lair of Beasts)
 13616 | Lair:2   | Noticed an eight-headed hydra
 13627 | Lair:2   | Killed a 12-headed hydra
 13628 | Lair:2   | Reached skill level 20 in Axes
 13771 | Lair:2   | Reached skill level 7 in Armour
 13848 | Lair:2   | Noticed a four-headed hydra
 13856 | Lair:2   | Killed a one-headed hydra
 13888 | Lair:2   | Reached skill level 8 in Armour
 13934 | Lair:2   | Reached XP level 12. HP: 105/112 MP: 12/12
 13949 | Lair:2   | Reached skill level 9 in Armour
 14133 | Lair:2   | You pick up a book of Decay and begin reading...
 14133 | Lair:2   | You add the spells Cigotuvi's Dreadful Rot, Dispel Undead
                  | and Martyr's Knell to your library.
 14186 | Lair:2   | Noticed a five-headed hydra
 14199 | Lair:2   | Killed a one-headed hydra
 14200 | Lair:2   | Reached skill level 10 in Armour
 14306 | Lair:2   | Reached skill level 3 in Dodging
 14490 | Lair:2   | Noticed a demonic crawler
 14527 | Lair:1   | Killed a demonic crawler
 14894 | Lair:2   | Found a staircase to the Swamp.
 15099 | Lair:3   | Reached skill level 4 in Dodging
 15211 | Lair:3   | Found a staircase to the Snake Pit.
 15225 | Lair:3   | Reached skill level 5 in Dodging
 15361 | Lair:3   | You pick up a book of Displacement and begin reading...
 15361 | Lair:3   | You add the spells Lesser Beckoning, Gell's Gravitas and
                  | Teleport Other to your library.
 15465 | Lair:3   | You add the spells Alistair's Intoxication, Borgnjor's Vile
                  | Clutch and Eringya's Noxious Bog to your library.
 15708 | Lair:3   | Reached skill level 6 in Dodging
 15942 | Lair:3   | Noticed a boulder beetle
 15953 | Lair:3   | Killed a boulder beetle
 16328 | Lair:4   | Reached skill level 13 in Fighting
 16463 | Lair:4   | Found a viscous altar of Jiyva.
 16463 | Lair:4   | Found a staircase to the Slime Pits.
 16466 | Lair:4   | Noticed a boulder beetle
 16474 | Lair:4   | Killed a boulder beetle
 16475 | Lair:4   | Reached XP level 13. HP: 104/123 MP: 13/13
 16600 | Lair:4   | Reached skill level 14 in Fighting
 17143 | Lair:5   | Entered Level 5 of the Lair of Beasts
 17367 | Lair:5   | You pick up a book of the Earth and begin reading...
 17367 | Lair:5   | You add the spells Leda's Liquefaction and Lee's Rapid
                  | Deconstruction to your library.
 17375 | Lair:5   | Reached skill level 15 in Fighting
 17548 | Slime:1  | Entered Level 1 of the Pits of Slime
 17548 | Slime:1  | Noticed a quicksilver ooze
 17570 | Lair:4   | Killed a quicksilver ooze
 17793 | Lair:5   | Reached skill level 16 in Fighting
 18139 | Lair:5   | Reached skill level 11 in Armour
 18413 | Lair:5   | Reached skill level 12 in Armour
 18416 | Lair:5   | Reached skill level 1 in Evocations
 18573 | Lair:5   | Reached skill level 2 in Evocations
 18667 | Lair:5   | Reached skill level 3 in Evocations
 18992 | Lair:5   | Reached skill level 4 in Evocations
 19368 | Orc:1    | Entered Level 1 of the Orcish Mines
 19368 | Orc:1    | Noticed an ettin
 19377 | Orc:1    | Killed an ettin
 19378 | Orc:1    | Reached skill level 5 in Evocations
 19378 | Orc:1    | Reached XP level 14. HP: 128/137 MP: 14/14
 19493 | Orc:1    | Noticed an orc warlord
 19494 | Orc:1    | Noticed Lanoc's ghost (journeyman TrSh)
 19500 | Orc:1    | Found a transporter.
 20198 | Orc:1    | Found a transporter.
 20272 | Orc:2    | Entered Level 2 of the Orcish Mines
 20348 | Orc:2    | Reached skill level 6 in Evocations
 20803 | Orc:2    | Found a staircase to the Elven Halls.
 20935 | Orc:2    | Found Kiopaploo's General Store.
 21059 | Orc:2    | Found Vashun's Magic Scroll Shoppe.
 21060 | Orc:2    | Found Qierchomp's General Store.
 21079 | Orc:2    | Reached skill level 7 in Evocations
 21116 | Orc:2    | Bought a scroll of identify for 28 gold pieces
 21116 | Orc:2    | Bought a scroll of identify for 28 gold pieces
 21116 | Orc:2    | Bought a scroll of identify for 28 gold pieces
 21225 | Orc:2    | Reached skill level 8 in Evocations
 21233 | Orc:2    | Paralysed by an orc sorcerer for 2 turns
 21257 | Orc:2    | Reached skill level 9 in Evocations
 21377 | Orc:2    | Reached skill level 10 in Evocations
 21846 | Orc:2    | Found Runozeam's General Store.
 21855 | Orc:2    | Bought a +0 helmet for 54 gold pieces
 21937 | Orc:2    | Found Ranappioruo's Antique Weapon Boutique.
 21937 | Orc:2    | Found Gexyc's Book Shop.
 21938 | Orc:2    | Found a one-way gate leading to the halls of Pandemonium.
 22031 | Orc:2    | Bought a pair of faintly humming boots for 361 gold pieces
 22031 | Orc:2    | Identified the +1 pair of boots "Zistraratz" {Dex+3} (You
                  | bought it in a shop on level 2 of the Orcish Mines)
 22149 | D:9      | Killed Jeremiah
 22959 | D:11     | You pick up a book of Touch and begin reading...
 22959 | D:11     | You add the spells Kiss of Death and Confusing Touch to
                  | your library.
 23196 | D:11     | Reached skill level 13 in Armour
 23944 | D:12     | Reached skill level 14 in Armour
 24689 | D:13     | Reached XP level 15. HP: 128/144 MP: 15/15
 24754 | D:13     | Reached skill level 15 in Armour
 25279 | D:13     | Found a runed translucent gate.
 25279 | D:13     | Found a runed translucent gate.
 25279 | D:13     | Noticed an azure jelly
 25280 | D:13     | Found a runed translucent gate.
 25280 | D:13     | Noticed an acid blob
 25280 | D:13     | Noticed Nuthri Fatu's ghost (journeyman SpBr)
 25280 | D:13     | Noticed an acid blob
 25280 | D:13     | Noticed an acid blob
 25280 | D:13     | Noticed an azure jelly
 25281 | D:13     | Noticed an azure jelly
 25287 | D:13     | Found a viscous altar of Jiyva.
 25597 | D:14     | You add the spells Ignite Poison, Sticky Flame and Ignition
                  | to your library.
 25627 | D:14     | Reached skill level 16 in Armour
 25839 | D:14     | Found a gate to the Vaults.
 25881 | D:14     | Reached skill level 7 in Dodging
 26479 | D:15     | Entered Level 15 of the Dungeon
 26892 | D:15     | Reached skill level 6 in Shields
 27160 | D:15     | Found a staircase to the Depths.
 27188 | D:15     | Reached skill level 7 in Shields
 27319 | D:15     | Reached skill level 8 in Shields
 27983 | Snake:1  | Entered Level 1 of the Snake Pit
 28021 | Snake:1  | Found Ashral's Armour Shoppe.
 28056 | Snake:1  | Identified the +0 cloak "Lirghyuk" {Str+5}
 28160 | Snake:1  | Reached skill level 9 in Shields
 28440 | Snake:1  | You pick up a book of Flames and begin reading...
 28440 | Snake:1  | You add the spells Inner Flame and Flame Wave to your
                  | library.
 28496 | Snake:1  | Found a runed translucent door.
 28500 | Snake:1  | Noticed Nidiz's ghost (adept HOCA)
 28535 | Snake:1  | Killed Nidiz's ghost
 28903 | Snake:1  | Reached skill level 10 in Shields
 29182 | Snake:1  | Found Afedyh's Antique Armour Shoppe.
 29733 | Snake:2  | Noticed a nagaraja
 29741 | Snake:2  | Killed a nagaraja
 29742 | Snake:2  | Reached skill level 11 in Shields
 29984 | Snake:2  | Reached XP level 16. HP: 147/151 MP: 16/16
 30236 | Snake:2  | Reached skill level 12 in Shields
 30648 | Snake:2  | Identified the +11 hand axe of Kamuq {freeze, *Noise rN+
                  | Int+4 SInv}
 30659 | Snake:2  | Identified the +0 leather armour of Watchfulness {Harm Fly
                  | rF+ MP-9 Str+3}
 30707 | Snake:3  | Noticed Louise
 30722 | Snake:3  | Killed Louise
 30734 | Snake:3  | Reached skill level 13 in Shields
 31717 | Snake:3  | Reached skill level 14 in Shields
 32459 | Snake:4  | Entered Level 4 of the Snake Pit
 32467 | Snake:4  | Reached skill level 15 in Shields
 32636 | Snake:4  | You pick up a book of Decay and begin reading...
 32897 | Snake:4  | Found Hutuy's Book Shoppe.
 32898 | Snake:4  | Found Uxtetiung's Jewellery Boutique.
 32900 | Snake:4  | Found Vostriwa's Book Shoppe.
 32918 | Snake:4  | Bought the amulet "Nagajet" {Reflect ^Drain rC+ rN+++ SH+5
                  | Stlth+} for 1119 gold pieces
 33213 | Snake:4  | Reached skill level 17 in Fighting
 33900 | Snake:4  | Reached XP level 17. HP: 72/163 MP: 17/17
 34320 | Snake:4  | Reached skill level 18 in Fighting
 34555 | Snake:4  | Noticed Vashnia
 34834 | Snake:4  | Reached skill level 19 in Fighting
 35323 | Snake:4  | Found an iron altar of Okawaru.
 35335 | Snake:4  | Got a serpentine rune of Zot
 35463 | Snake:4  | Killed Vashnia
 35836 | Swamp:1  | Entered Level 1 of the Swamp
 35837 | Swamp:1  | Upgraded the game from 0.32-a0-818-gb728d0252e to
                  | 0.32-a0-834-geaf45d8e21
 35837 | Swamp:1  | magus.rc [v1.9.6]
 36390 | Swamp:1  | Noticed Frances
 36403 | Swamp:1  | Reached skill level 20 in Fighting
 36407 | Swamp:1  | Killed Frances
 36543 | Swamp:1  | Reached skill level 1 in Shapeshifting
 36633 | Swamp:2  | Reached skill level 2 in Shapeshifting
 36873 | Swamp:2  | Reached skill level 3 in Shapeshifting
 36893 | Swamp:2  | HP: 37/170 [goliath frog (26)]
 36893 | Swamp:2  | HP: 8/170 [goliath frog (23)]
 36893 | Swamp:2  | Splashed by a goliath frog's acid

Vanquished Creatures
  Vashnia (Snake:4)
  The ghost of Nidiz the Executioner, an adept HOCA of Makhleb (Snake:1)
  Frances (Swamp:1)
  5 nagarajas
  Louise (Snake:3)
  An eleionoma (Swamp:1)
  2 bunyips
  An ettin (Orc:1)
  2 rakshasas (D:15)
  An ogre mage (D:13)
  8 hydras
  2 salamander tyrants (Snake:4)
  8 vault guards (D:14)
  13 anacondas
  2 demonspawn (Orc:2)
  A catoblepas (D:13)
  3 alligators (Swamp:1)
  2 centaur warriors
  Erica (Lair:1)
  5 boulder beetles
  3 two-headed ogres (D:13)
  A death knight (D:13)
  7 orc high priests (Orc:2)
  An occultist (D:15)
  9 shock serpents
  15 naga sharpshooters
  A demonic crawler (Lair:1)
  Sonja (Lair:1)
  16 naga warriors
  A soul eater (D:12)
  2 goliath frogs
  4 skysharks
  12 mana vipers
  3 bog bodies
  An arcanist (D:13)
  7 naga ritualists
  A swamp dragon (Swamp:1)
  A lindwurm (Lair:5)
  2 spriggan druids
  4 orc knights (Orc:2)
  2 deep elf pyromancers
  A necromancer (D:15)
  15 ugly things
  A wolf spider (D:15)
  A manticore (D:12)
  4 orc sorcerers (Orc:2)
  14 salamanders
  A wolf spider zombie (D:15)
  A will-o-the-wisp (Swamp:2)
  4 cyclopes
  3 kobold blastminers (Orc:2)
  A meliai (shapeshifter) (D:15)
  15 elephants
  31 black mambas
  20 naga magi
  3 smoke demons (D:12)
  A torpor snail (Lair:3)
  2 gargoyles (D:12)
  7 guardian serpents
  23 cane toads
  A rust devil (D:12)
  Jeremiah (D:9)
  3 centaur skeletons (D:15)
  A kobold demonologist (D:11)
  2 rime drakes
  2 unseen horrors
  Maggie (D:6)
  An efreet (D:15)
  A freezing wraith (D:14)
  6 komodo dragons
  An ice devil (Orc:2)
  2 tengu conjurers (D:15)
  A hornet (D:9)
  5 trolls
  6 tyrant leeches
  3 polar bears
  A bloated husk (Swamp:1)
  25 blink frogs
  20 slime creatures
  A centaur simulacrum (D:15)
  2 spriggans (Swamp:1)
  2 shadows
  A vampire (D:10)
  29 yaks
  2 basilisks
  Eustachio (D:6)
  3 wargs (Orc:1)
  2 humans (D:9)
  46 nagas
  2 steam dragons
  15 vampire mosquitoes
  14 swamp worms
  An acid dragon (D:10)
  Edmund (D:4)
  13 water moccasins
  3 black bears
  A sky beast (D:6)
  25 orc warriors
  2 laughing skulls (D:15)
  8 ogres
  7 wolves
  8 centaurs
  A phantom (D:5)
  6 kobold brigands
  12 bullfrogs
  5 scorpions
  3 gnoll sergeants
  10 wights
  6 killer bees (D:10)
  5 electric eels
  3 howler monkeys
  A bombardier beetle (D:7)
  23 orc priests
  6 jellies
  3 hounds
  A sleepcap (D:5)
  2 gnoll boudas
  7 iguanas
  15 orc wizards
  17 hell rats
  A boggart simulacrum (D:14)
  2 killer bee simulacra (D:8)
  29 gnolls
  4 adders
  4 river rats (Lair:4)
  2 shadow imps
  2 white imps
  7 ufetubi
  3 dart slugs
  3 ribbon worms
  65 orcs
  5 ball pythons
  10 endoplasms
  2 giant cockroaches
  6 goblins
  8 hobgoblins
  2 jackals (D:5)
  67 kobolds
  4 bats
  4 rats
  A spectral weapon (Swamp:2)
932 creatures vanquished.

Vanquished Creatures (collateral kills)
  A quicksilver ooze (Lair:4)
  A shock serpent (Snake:3)
  A naga warrior (Snake:3)
  A black mamba (Snake:3)
  2 naga magi (Snake:4)
  A guardian serpent (Snake:4)
  A naga (Snake:4)
  An orc warrior (D:8)
  A black bear (D:8)
  A gnoll sergeant (D:9)
  An orc priest (D:9)
  An orc (D:9)
13 creatures vanquished.

Vanquished Creatures (others)
  A salamander mystic (Snake:3)
  A goliath frog (Swamp:1)
  A naga ritualist (Snake:3)
  A komodo dragon (D:8)
  3 bloated husks
  A kobold brigand (D:9)
  An orc wizard (D:8)
  An orc (D:9)
  2 foxfires (Swamp:2)
12 creatures vanquished.

Grand Total: 957 creatures vanquished

Table legend:
 A = Non-vault XP
 B = Vault XP
 C = Vault XP percentage of total XP
 D = Non-vault monster count
 E = Vault monster count
 F = Vault count percentage of total count
                 A         B        C        D         E       F
            +---------+---------+-------+---------+---------+-------
      Total |  182465 |   85958 |  32.0 |     659 |     290 |  30.6
            +---------+---------+-------+---------+---------+-------
        D:1 |      43 |       0 |   0.0 |      22 |       0 |   0.0
        D:2 |      20 |       0 |   0.0 |      12 |       0 |   0.0
        D:3 |      30 |       0 |   0.0 |      13 |       0 |   0.0
        D:4 |     467 |     158 |  25.3 |      21 |       1 |   4.5
        D:5 |     506 |     136 |  21.2 |      21 |       1 |   4.5
        D:6 |     711 |     839 |  54.1 |      22 |      51 |  69.9
        D:7 |     883 |       0 |   0.0 |      15 |       0 |   0.0
        D:8 |     958 |    1774 |  64.9 |      26 |      32 |  55.2
        D:9 |     862 |    1916 |  69.0 |      12 |      18 |  60.0
       D:10 |    2239 |       0 |   0.0 |      25 |       0 |   0.0
       D:11 |    3769 |       0 |   0.0 |      19 |       0 |   0.0
       D:12 |    6740 |    3099 |  31.5 |      23 |       7 |  23.3
       D:13 |    9451 |    2165 |  18.6 |      25 |       5 |  16.7
       D:14 |    6535 |    7022 |  51.8 |      12 |       8 |  40.0
       D:15 |    7624 |    5774 |  43.1 |      20 |      11 |  35.5
     Lair:1 |    2509 |    2568 |  50.6 |      12 |       4 |  25.0
     Lair:2 |   10105 |    1387 |  12.1 |      40 |       6 |  13.0
     Lair:3 |    6317 |     801 |  11.3 |      25 |       3 |  10.7
     Lair:4 |    9949 |    1345 |  11.9 |      26 |      19 |  42.2
     Lair:5 |    8478 |    9712 |  53.4 |      21 |      32 |  60.4
    Swamp:1 |   10819 |    1599 |  12.9 |      22 |       1 |   4.3
    Swamp:2 |    6419 |       0 |   0.0 |      16 |       0 |   0.0
    Snake:1 |    7850 |    1807 |  18.7 |      16 |       1 |   5.9
    Snake:2 |   14561 |    3029 |  17.2 |      25 |       5 |  16.7
    Snake:3 |   25715 |    1161 |   4.3 |      51 |       1 |   1.9
    Snake:4 |   33962 |   24859 |  42.3 |      70 |      33 |  32.0
      Orc:1 |    2946 |       0 |   0.0 |      35 |       0 |   0.0
      Orc:2 |    1997 |   14807 |  88.1 |      12 |      51 |  81.0
            +---------+---------+-------+---------+---------+-------

Skill      XL: |  1  2  3  4  5  6  7  8  9 10 11 12 13 14 15 16 17 |
---------------+----------------------------------------------------+-----
Axes           | 3 4 5 6 7 9 10 15 18 20 | 20.0
Fighting       | 5 8 10 12 13 16 17 20 | 20.0
Armour         | 6 8 10 12 14 16 | 16.1
Dodging        | 1 2 6 7 |  7.1
Shields        | 4 5 11 15 | 15.0
Evocations     | 5 10 | 10.0
Shapeshifting  | 3 |  3.2

Action                     |  1- 3 |  4- 6 |  7- 9 | 10-12 | 13-15 | 16-18 || total
---------------------------+-------+-------+-------+-------+-------+-------++-------
  Melee: War axe           |   118 |    76 |       |       |       |       ||   194
         Hand axe          |       |     6 |   469 |   228 |       |       ||   703
         Battleaxe         |       |       |       |   363 |   826 |       ||  1189
         Scimitar          |       |       |       |    13 |       |       ||    13
         Broad axe         |       |       |       |       |   200 |   604 ||   804
  Throw: Dart              |       |       |     4 |     4 |       |       ||     8
 Invoke: Call Merchant     |       |       |       |     1 |     4 |     1 ||     6
         Potion Petition   |       |       |       |       |       |     1 ||     1
  Evoke: Wand              |       |    24 |     9 |    13 |     1 |       ||    47
         Box of beasts     |       |       |       |     1 |     2 |     2 ||     5
         Lightning rod     |       |       |       |       |     8 |       ||     8
         Phantom mirror    |       |       |       |       |       |     2 ||     2
    Use: Scroll            |     3 |       |     4 |    11 |    18 |     1 ||    37
         Potion            |       |     1 |     1 |     1 |     3 |     1 ||     7
   Stab: Distracted        |       |       |       |     4 |     6 |     7 ||    17
         Sleeping          |       |       |       |       |       |     2 ||     2
 Armour: Scale mail        |    34 |       |   317 |   199 |       |       ||   550
         Leather armour    |    28 |    49 |     3 |       |       |       ||    80
         Ring mail         |       |       |       |   187 |   617 |   347 ||  1151
  Dodge: Dodged            |    56 |    44 |   177 |   183 |   398 |   153 ||  1011
  Block: Buckler           |    26 |    24 |    66 |    49 |       |       ||   165
         Other             |       |       |       |    63 |   113 |       ||   176
         Reflection        |       |       |       |     8 |    28 |    80 ||   116
         Kite shield       |       |       |       |       |   159 |   499 ||   658

Illustrated notes

Table legend:
 A = Kills in this place as a percentage of kills in the entire game.
 B = Kills by you in this place as a percentage of kills by you in the entire game.
 C = Kills by friends in this place as a percentage of kills by friends in the entire game.
 D = Other kills in this place as a percentage of other kills in the entire game.
 E = Experience gained in this place as a percentage of experience gained in the entire game.
 F = Experience gained in this place divided by the number of levels of this place that you have seen.
                   A       B       C       D       E      F
               +-------+-------+-------+-------+-------+----------------------
         Total | 100.0 | 100.0 | 100.0 | 100.0 | 100.0 | 8947.4
       Dungeon |  44.5 |  44.7 |  38.5 |  20.0 |  23.7 | 4248.1
          Lair |  19.8 |  20.1 |   7.7 |   0.0 |  19.8 | 10634.2
         Swamp |   4.1 |   4.0 |   0.0 |  40.0 |   7.0 | 9418.5
     Snake Pit |  21.3 |  20.7 |  53.8 |  40.0 |  42.1 | 28236.0
  Orcish Mines |  10.3 |  10.5 |   0.0 |   0.0 |   7.4 | 9875.0
               +-------+-------+-------+-------+-------+----------------------

Table legend: (Time is in decaauts)
 A = Elapsed time spent in this place.
 B = Non-inter-level travel time spent in this place.
 C = Inter-level travel time spent in this place.
 D = Time resting spent in this place.
 E = Time spent auto-exploring this place.
 F = Levels seen in this place.
 G = Mean time per level.
                   A        B        C        D        E       F      G
               +--------+--------+--------+--------+--------+-----+--------+
         Total |  36293 |  33772 |   2521 |   6440 |  21657 |  30 | 1209.8 |
       Dungeon |  17573 |  16056 |   1517 |   2526 |  10767 |  15 | 1171.5 |
        Temple |    142 |      1 |    141 |      0 |      0 |   1 |  142.0 |
          Lair |   7281 |   6732 |    549 |   1514 |   4089 |   5 | 1456.2 |
         Swamp |   1027 |   1000 |     27 |     84 |    746 |   2 |  513.5 |
     Snake Pit |   7619 |   7426 |    193 |   1828 |   4497 |   4 | 1904.8 |
    Slime Pits |      1 |      1 |      0 |      0 |      0 |   1 |    1.0 |
  Orcish Mines |   2646 |   2554 |     92 |    488 |   1558 |   2 | 1323.0 |
               +--------+--------+--------+--------+--------+-----+--------+

Top non-repeatable levels by time:
 Snake:4: 2614 daAuts
 Snake:3: 2253 daAuts
   Orc:2: 1743 daAuts
  Lair:1: 1723 daAuts
     D:8: 1703 daAuts
     D:6: 1610 daAuts
  Lair:5: 1488 daAuts
  Lair:2: 1477 daAuts
    D:10: 1455 daAuts
 Snake:1: 1442 daAuts
     D:5: 1400 daAuts
     D:4: 1362 daAuts
  Lair:4: 1359 daAuts
 Snake:2: 1308 daAuts
     D:9: 1286 daAuts
